 Dungeon Crawl Stone Soup version 0.29-a0-1014-ga8c0faee3b (webtiles) character file.

Game seed: 7140670577590290126

6253 Ge0ff the Slicer (level 10, -1/83 HPs)
             Began as a Gnoll Cinder Acolyte on Aug 9, 2022.
             Was a High Priest of Ignis.
             Asphyxiated
             ... on level 9 of the Dungeon.
             The game lasted 00:31:15 (13127 turns).

Ge0ff the Slicer (Gnoll Cinder Acolyte)            Turns: 13127, Time: 00:31:16

Health: -1/83      AC: 10    Str: 14    XL:     10   Next: 93%
Magic:  11/20      EV: 13    Int: 16    God:    Ignis [*****.]
Gold:   438        SH:  0    Dex:  9    Spells: 14/22 levels left

rFire   + + .      SeeInvis +   a - +1 short sword (drain)
rCold   . . .      Faith    .   (no shield)
rNeg    . . .      Spirit   .   C - +3 leather armour
rPois   .          Reflect  .   Q - +1 helmet
rElec   .          Harm     .   o - +0 cloak
rCorr   .          Rampage  .   (no gloves)
Will    .....                   (no boots)
Stlth   +++.......              w - amulet of magic regeneration
HPRegen 0.23/turn               H - ring of see invisible {=R}
MPRegen 0.57/turn               Z - ring of protection from fire

@: lethally poisoned (-1 -> -25), slowed, studying Throwing, very slow
A: fangs 1, strong nose, distributed training
a: Renounce Religion, Fiery Armour, Foxfire Swarm, Rising Flame


You were on level 9 of the Dungeon.
You worshipped Ignis.
Ignis was extremely pleased with you.
You visited 1 branch of the dungeon, and saw 9 of its levels.

You collected 438 gold pieces.

Inventory:

Hand Weapons
 a - a +1 short sword of draining (weapon)
 d - a -1 short sword of flaming
 u - a +0 war axe of venom
 A - a +0 trident
 B - a +4 war axe
 E - a +4 scimitar
 F - a +1 short sword of protection
 K - a +1 flail of draining
 L - a +2 dagger of speed
 M - a +0 broad axe
 N - a +0 whip of venom
 R - a +1 trident of distortion
Missiles
 g - 2 throwing nets {=F}
 l - 7 stones
 s - 2 atropa-tipped darts
 S - 2 javelins
 V - 6 poisoned darts (quivered)
Armour
 o - a +0 cloak (worn)
 r - a +4 ring mail
 C - a +3 leather armour (worn)
 O - a +3 chain mail
 Q - a +1 helmet (worn)
 W - a scarf of repulsion
Jewellery
 m - a ring of ice
 w - an amulet of magic regeneration (around neck)
 H - a ring of see invisible (left hand) {=R}
 J - a ring of fire
 Z - a ring of protection from fire (right hand)
Wands
 e - a wand of charming (31)
 f - a wand of flame (6)
 j - a wand of acid (3)
Scrolls
 t - a scroll of blinking {unknown}
 y - 2 scrolls of immolation
 z - a scroll of torment
 T - a scroll of teleportation
 U - 2 scrolls of enchant armour
Potions
 k - 2 potions of heal wounds {unknown}
 p - a potion of cancellation {unknown}
 q - 4 potions of curing
 v - 3 potions of attraction {unknown}
 x - a potion of brilliance {unknown}
 D - 2 potions of ambrosia {unknown}
 G - 3 potions of mutation {unknown}
 I - a potion of might {unknown}
 P - 2 potions of degeneration {unknown}
 X - a potion of flight {unknown}
 Y - a potion of magic {unknown}


   Skills:
 + Level 9.0 Fighting
 + Level 9.0 Short Blades
 + Level 5.9 Long Blades
 + Level 5.9 Axes
 + Level 5.9 Maces & Flails
 + Level 5.9 Polearms
 + Level 5.9 Staves
 + Level 5.9 Ranged Weapons
 + Level 8.1 Throwing
 + Level 5.9 Armour
 + Level 5.9 Dodging
 + Level 5.9 Stealth
 + Level 5.9 Shields
 + Level 5.9 Unarmed Combat
 + Level 6.6 Spellcasting
 + Level 4.9 Conjurations
 + Level 4.9 Hexes
 + Level 4.9 Summonings
 + Level 4.9 Necromancy
 + Level 4.9 Translocations
 + Level 4.9 Transmutations
 + Level 7.4 Fire Magic
 + Level 4.9 Ice Magic
 + Level 4.9 Air Magic
 + Level 4.9 Earth Magic
 + Level 4.9 Poison Magic
 + Level 6.5 Invocations
 + Level 5.9 Evocations


You had 14 spell levels left.
You knew the following spells:

 Your Spells              Type           Power      Damage    Failure   Level
f - Mephitic Cloud        Conj/Pois/Air  21%        N/A       6%          3
i - Ignite Poison         Fire/Tmut/Pois 23%        N/A       4%          3
C - Scorch                Fire           58%        2d8       1%          2

Your spell library contained the following spells:

 Spells                   Type           Power      Damage    Failure   Level
 Flame Wave               Conj/Fire      25%        2d8       12%         4
 Summon Ice Beast         Ice/Summ       21%        N/A       21%         4
 Freezing Cloud           Conj/Ice/Air   10%        6-21      50%         5
 Summon Mana Viper        Hex/Summ       21%        N/A       50%         5
 Summon Cactus Giant      Summ           10%        N/A       97%         6
 Monstrous Menagerie      Summ           10%        N/A       100%        7


Dungeon Overview and Level Annotations

Branches:
Dungeon (9/15) Zot: 25220  Temple (0/1) D:4
   Lair: D:8-11         Orc: D:9-12

Altars:
Ashenzari
Cheibriados
Elyvilon
Kikubaaqudgha
Nemelex Xobeh
Sif Muna
Wu Jian

Shops:
D:1 (   D:7 (

Annotations:
D:1 27 throwing, foo ballista


Innate Abilities, Weirdness & Mutations

You have very sharp teeth.
Your uncanny sense of smell can sniff out nearby items.
Your experience applies equally to all skills.


Message History

Aiming: Mephitic Cloud (dangerous; 6% risk of failure)
Press: ? - help, Shift-Dir - straight line, f - kobold
Aim: a kobold, wielding a +0 short sword and quivering poisoned darts (chance to affect: 96%)
The ball explodes into a vile cloud!
The stinking cloud engulfs the kobold but does no damage.
You feel very sick.
You hear a howl!
The kobold brigand throws a curare-tipped dart.
The curare-tipped dart closely misses you.
The kobold is engulfed in noxious fumes.
The kobold appears confused.
Casting: Mephitic Cloud (dangerous; 6% risk of failure)
Confirm with . or Enter, or press ? or * to list all spells.
You ignite the poison in your surroundings!
You feel very sick.
The kobold is engulfed in blazing flames.
You kill the kobold!
A centaur warrior comes into view.
You feel sick.
You feel sick.
The kobold brigand throws a curare-tipped dart.
The curare-tipped dart hits you.
You are more poisoned.
You have difficulty breathing.
You feel as though you will be slow longer.
The centaur warrior wields a +0 longbow.
The centaur warrior shoots an arrow.
The arrow hits you!
Casting: Ignite Poison (mildly dangerous; 4% risk of failure)
Confirm with . or Enter, or press ? or * to list all spells.
Aiming: Mephitic Cloud (dangerous; 6% risk of failure)
Press: ? - help, Shift-Dir - straight line The ball explodes into a vile cloud!
The stinking cloud engulfs the centaur warrior but does no damage.
You feel very sick.
The centaur warrior shoots an arrow.
The arrow hits you!
* * * LOW HITPOINT WARNING * * *
The centaur warrior shoots an arrow.
The arrow hits you!
* * * LOW HITPOINT WARNING * * *
Okay, then.
Aiming: Charm
Press: ? - help, Shift-Dir - straight line, f - centaur warrior
Aim: a centaur warrior, wielding a +0 longbow (chance to affect: 46%)
The centaur warrior resists with some effort.
You feel very sick.
The centaur warrior shoots an arrow.
The arrow closely misses you.
The kobold brigand throws a curare-tipped dart.
The curare-tipped dart hits you.
You are lethally poisoned!
You have difficulty breathing.
You die...

#......#########..
#......#..............'..
#......#..........#.#.'..
#.....c#..........#)#.#..
#......#..........###.#..
#..☼c..#..............#..
#..○○..#..............#..
#..°...###+############..
#....K..@................
#........................
....)........#######......
.....)K......# #......
.............# #......
.............# #......
.............##+#+##......
..#######.................
#..........###....


You could see a centaur warrior, a kobold brigand and a kobold.

Vanquished Creatures
  Gastronok (D:9)
  Harold (D:9)
  A two-headed ogre (D:8)
  A wraith (D:9)
  A wyvern (D:8)
  Edmund (D:4)
  3 water moccasins
  A sky beast (D:7)
  2 orc warriors
  5 ice beasts
  A black bear (D:6)
  An ogre (D:7)
  2 centaurs (D:4)
  A phantom (D:6)
  A kobold brigand (D:9)
  2 bullfrogs (D:7)
  A gnoll sergeant (D:8)
  3 scorpions
  3 wights (D:9)
  5 killer bees (D:6)
  8 howler monkeys
  3 hounds
  9 orc priests
  Jessica (D:2)
  Ijyb (D:4)
  An iguana (D:5)
  8 orc wizards
  8 gnolls
  7 adders
  A white imp (D:6)
  4 worms
  4 dart slugs
  35 orcs
  4 ball pythons
  10 endoplasms
  4 giant cockroaches
  16 goblins
  6 hobgoblins
  14 jackals
  12 kobolds
  2 quokkas
  6 bats
  A frilled lizard (D:3)
  11 rats
213 creatures vanquished.

Vanquished Creatures (others)
  A kobold (D:9)
1 creature vanquished.

Grand Total: 214 creatures vanquished

Notes
Turn   | Place    | Note
-------+----------+-------------------------------------------
     0 | D:1      | Ge0ff the Gnoll Cinder Acolyte began the quest for the Orb.
     0 | D:1      | Reached XP level 1. HP: 23/23 MP: 4/4
   262 | D:1      | Reached XP level 2. HP: 27/29 MP: 5/5
   266 | D:1      | Learned a level 2 spell: Scorch
   790 | D:1      | Reached XP level 3. HP: 32/35 MP: 7/7
   838 | D:1      | Found Faung's Weapon Emporium.
  1018 | D:1      | Reached skill level 1 in Invocations
  1120 | D:1      | Reached skill level 1 in Long Blades
  1120 | D:1      | Reached skill level 1 in Axes
  1120 | D:1      | Reached skill level 1 in Maces & Flails
  1120 | D:1      | Reached skill level 1 in Polearms
  1120 | D:1      | Reached skill level 1 in Staves
  1120 | D:1      | Reached skill level 1 in Ranged Weapons
  1120 | D:1      | Reached skill level 1 in Throwing
  1120 | D:1      | Reached skill level 1 in Armour
  1120 | D:1      | Reached skill level 1 in Dodging
  1120 | D:1      | Reached skill level 1 in Stealth
  1120 | D:1      | Reached skill level 1 in Shields
  1120 | D:1      | Reached skill level 1 in Unarmed Combat
  1120 | D:1      | Reached skill level 1 in Evocations
  1393 | D:2      | You fall into a shaft and drop 1 floor!
  1468 | D:2      | Reached XP level 4. HP: 33/41 MP: 8/8
  1690 | D:2      | Noticed a scorpion
  1845 | D:2      | Reached skill level 1 in Conjurations
  1845 | D:2      | Reached skill level 1 in Hexes
  1845 | D:2      | Reached skill level 1 in Summonings
  1845 | D:2      | Reached skill level 1 in Necromancy
  1845 | D:2      | Reached skill level 1 in Translocations
  1845 | D:2      | Reached skill level 1 in Transmutations
  1845 | D:2      | Reached skill level 1 in Ice Magic
  1845 | D:2      | Reached skill level 1 in Air Magic
  1845 | D:2      | Reached skill level 1 in Earth Magic
  1845 | D:2      | Reached skill level 1 in Poison Magic
  2347 | D:2      | Killed a scorpion
  2348 | D:2      | Reached XP level 5. HP: 47/47 MP: 3/9
  2474 | D:2      | Noticed Jessica
  2476 | D:2      | Killed Jessica
  2941 | D:3      | Reached XP level 6. HP: 53/53 MP: 4/11
  3115 | D:3      | Found a sparkling altar of Nemelex Xobeh.
  4091 | D:3      | Found a sparkling altar of Nemelex Xobeh.
  4644 | D:4      | Reached XP level 7. HP: 16/60 MP: 1/12
  4888 | D:4      | Noticed Edmund
  4915 | D:4      | Learned a level 3 spell: Mephitic Cloud
  4919 | D:4      | Learned a level 3 spell: Ignite Poison
  4987 | D:4      | Found a staircase to the Ecumenical Temple.
  6088 | D:4      | Noticed Ijyb
  6125 | D:4      | Killed Ijyb
  6358 | D:5      | Entered Level 5 of the Dungeon
  7273 | D:5      | Reached XP level 8. HP: 67/67 MP: 1/14
  8069 | D:6      | Found a broken altar of Ashenzari.
  8376 | D:6      | Reached skill level 5 in Throwing
  8376 | D:6      | Reached XP level 9. HP: 73/73 MP: 9/16
  8673 | D:6      | Reached skill level 5 in Spellcasting
  9164 | D:4      | Killed Edmund
  9919 | D:7      | Reached skill level 5 in Invocations
 10032 | D:7      | Found Bonytwoth's Antique Weapon Emporium.
 10495 | D:8      | Found a shimmering blue altar of Sif Muna.
 10515 | D:8      | Noticed a two-headed ogre
 10524 | D:8      | Killed a two-headed ogre
 10525 | D:8      | Reached skill level 5 in Long Blades
 10525 | D:8      | Reached skill level 5 in Axes
 10525 | D:8      | Reached skill level 5 in Maces & Flails
 10525 | D:8      | Reached skill level 5 in Polearms
 10525 | D:8      | Reached skill level 5 in Staves
 10525 | D:8      | Reached skill level 5 in Ranged Weapons
 10525 | D:8      | Reached skill level 5 in Armour
 10525 | D:8      | Reached skill level 5 in Dodging
 10525 | D:8      | Reached skill level 5 in Stealth
 10525 | D:8      | Reached skill level 5 in Shields
 10525 | D:8      | Reached skill level 5 in Unarmed Combat
 10525 | D:8      | Reached skill level 5 in Evocations
 10525 | D:8      | Reached XP level 10. HP: 81/81 MP: 9/18
 11212 | D:8      | Found a snail-covered altar of Cheibriados.
 11251 | D:8      | Found an ancient bone altar of Kikubaaqudgha.
 11254 | D:8      | Found an ornate altar of the Wu Jian Council.
 11406 | D:9      | Noticed Gastronok
 12221 | D:9      | Found a white marble altar of Elyvilon.
 12578 | D:9      | Noticed Harold
 12590 | D:9      | Killed Harold
 12910 | D:9      | Killed Gastronok
 13123 | D:9      | Noticed a centaur warrior
 13127 | D:9      | Asphyxiated

Illustrated notes

Levels and vault maps discovered:
D:1:      minmay_arrival_loop, layout_basic, serial_shops, nicolae_shop_stone,
          minmay_misc_feat_rugged, chequers_serial_rivers_micro_c
D:2:      layout_loops_ring, uniq_jessica
D:3:      layout_loops_cross, mainiacjoe_overflow_paths
D:4:      kennysheep_goblin_castle, layout_basic,
          minmay_temple_entry_from_below_a, minmay_manual_mares, uniq_edmund
D:5:      layout_basic
D:6:      layout_loops_corners, lemuel_coloured_pillars_altar, abandoned_shop
D:7:      layout_basic, serial_shops, shop, corexii_leaking_fountain
D:8:      layout_loops_ring, lemuel_doored_altar, nicolae_overflow_hidden_temple
D:9:      layout_irregular_city, elyvilon_altar_5, minmay_microvault,
          uniq_harold, uniq_gastronok, uniq_erolcha

Skill      XL: |  1  2  3  4  5  6  7  8  9 10 |
---------------+-------------------------------+-----
Invocations    | 1 2 3 4 5 6 |  6.5
Long Blades    | 1 2 3 5 |  5.9
Axes           | 1 2 3 5 |  5.9
Maces & Flails | 1 2 3 5 |  5.9
Polearms       | 1 2 3 5 |  5.9
Staves         | 1 2 3 5 |  5.9
Ranged Weapons | 1 2 3 5 |  5.9
Throwing       | 1 2 3 5 6 8 |  8.1
Armour         | 1 2 3 5 |  5.9
Dodging        | 1 2 3 5 |  5.9
Stealth        | 1 2 3 5 |  5.9
Shields        | 1 2 3 5 |  5.9
Unarmed Combat | 1 2 3 5 |  5.9
Evocations     | 1 2 3 5 |  5.9
Spellcasting   | 3 4 5 6 |  6.6
Conjurations   | 1 2 3 4 |  4.9
Hexes          | 1 2 3 4 |  4.9
Summonings     | 1 2 3 4 |  4.9
Necromancy     | 1 2 3 4 |  4.9
Translocations | 1 2 3 4 |  4.9
Transmutations | 1 2 3 4 |  4.9
Ice Magic      | 1 2 3 4 |  4.9
Air Magic      | 1 2 3 4 |  4.9
Earth Magic    | 1 2 3 4 |  4.9
Poison Magic   | 1 2 3 4 |  4.9
Fighting       | 7 8 9 |  9.0
Short Blades   | 7 8 9 |  9.0
Fire Magic     | 6 7 |  7.4

Action                   |  1- 3 |  4- 6 |  7- 9 | 10-12 || total
-------------------------+-------+-------+-------+-------++-------
Melee: Short sword       |   132 |    49 |    46 |    34 ||   261
       Bite              |     5 |     7 |     6 |     6 ||    24
       Punch             |     1 |     1 |       |     2 ||     4
Throw: Dart              |     1 |     7 |     4 |     6 ||    18
       Stone             |       |     3 |    36 |       ||    39
       Boomerang         |       |       |    50 |       ||    50
 Cast: Scorch            |       |    71 |   133 |    36 ||   240
       Mephitic Cloud    |       |       |     5 |    32 ||    37
       Ignite Poison     |       |       |     3 |    18 ||    21
Invok: Fiery Armour      |     1 |       |       |       ||     1
Evoke: Wand              |       |       |     2 |     9 ||    11
  Use: Scroll            |       |     2 |     3 |     6 ||    11
 Stab: Confused          |       |       |     1 |     2 ||     3
Armor: Leather armour    |    34 |    61 |    31 |    26 ||   152
       Robe              |     2 |       |       |       ||     2
Dodge: Dodged            |    65 |    74 |    58 |    38 ||   235

Table legend: (Time is in decaauts)
 A = Elapsed time spent in this place.
 B = Non-inter-level travel time spent in this place.
 C = Inter-level travel time spent in this place.
 D = Time resting spent in this place.
 E = Time spent auto-exploring this place.
 F = Levels seen in this place.
 G = Mean time per level.
                   A        B        C        D        E       F      G
               +--------+--------+--------+--------+--------+-----+--------+
         Total |  13089 |  12399 |    690 |   1983 |   7938 |   9 | 1454.3 |
       Dungeon |  13089 |  12399 |    690 |   1983 |   7938 |   9 | 1454.3 |
               +--------+--------+--------+--------+--------+-----+--------+

Top non-repeatable levels by time:
     D:3: 1973 daAuts
     D:8: 1825 daAuts
     D:4: 1748 daAuts
     D:6: 1442 daAuts
     D:1: 1427 daAuts
     D:2: 1374 daAuts
     D:5: 1292 daAuts
     D:7: 1149 daAuts
     D:9: 855 daAuts
